 Dungeon Crawl Stone Soup version 0.24-a0-292-g5c6fb1c (webtiles) character file.

Game seed: 7264938348364501259

91 theanonym the Chopper (level 4, 0/61 HPs)
             Began as a Hill Orc Berserker on May 10, 2019.
             Was a Believer of Trog.
             Slain by Grinder (7 damage)
             ... while paralysed by Grinder
             ... on level 3 of the Dungeon.
             The game lasted 00:01:20 (1843 turns).

theanonym the Chopper (Hill Orc Berserker)          Turns: 1843, Time: 00:01:20

Health: 0/61       AC:  5    Str: 25    XL:     4   Next: 59%
Magic:  4/4        EV:  2    Int:  7    God:    Trog [**....]
Gold:   105        SH:  0    Dex: 10    Spells: 3/3 levels left

rFire    . . .     SeeInvis .   a - +0 hand axe
rCold    . . .     Gourm    .   (no shield)
rNeg     . . .     Faith    .   h - +0 ring mail
rPois    .         Spirit   .   (no helmet)
rElec    .         Reflect  .   (no cloak)
rCorr    .         Harm     .   (no gloves)
MR       .....                  (no boots)
Stlth    ..........             (no amulet)
HPRegen  0.20/turn              (no ring)
MPRegen  0.09/turn              (no ring)

@: paralysed, berserking (expiring)
A: no striking features
a: Berserk, Trog's Hand, Renounce Religion


   Skills:
 + Level 4.6 Fighting
 * Level 6.1 Axes
 - Level 2.1 Armour
 - Level 1.5 Dodging


You had 3 spell levels left.
You didn't know any spells.
Your spell library was empty.

Skill      XL: |  1  2  3  4 |
---------------+-------------+-----
Fighting       | 4 |  4.6
Axes           | 5 6 |  6.1
Armour         | |  2.1
Dodging        | |  1.5

Action                   |  1- 3 |  4- 6 || total
-------------------------+-------+-------++-------
Melee: Hand axe          |    81 |    57 ||   138
Invok: Berserk           |       |     1 ||     1
  Eat: Chunk             |     1 |     2 ||     3
Armor: Animal skin       |     7 |       ||     7
       Ring mail         |    20 |    21 ||    41
Dodge: Dodged            |    43 |    31 ||    74

Inventory:

Hand Weapons
 a - a +0 hand axe (weapon)
Armour
 b - a +0 animal skin
 h - a +0 ring mail (worn)
Jewellery
 d - an uncursed ring of positive energy {unknown}
 i - an uncursed amulet of rage {unknown}
Scrolls
 c - a scroll of magic mapping {unknown}
 f - 2 scrolls of remove curse {unknown}
 j - 5 scrolls of identify {unknown}
 k - 2 scrolls of fear {unknown}
Potions
 g - a potion of mutation {unknown}
 l - 2 potions of magic {unknown}
 n - a potion of curing {unknown}
 o - a potion of might {unknown}
 p - a potion of agility {unknown}
 q - a potion of invisibility {unknown}
 r - a potion of brilliance {unknown}
Comestibles
 e - 6 rations
 m - 9 chunks of flesh


You were on level 3 of the Dungeon.
You worshipped Trog.
Trog was pleased with you.
You were hungry.

You visited 1 branch of the dungeon, and saw 3 of its levels.

You collected 105 gold pieces.

Dungeon Overview and Level Annotations

Branches:
Dungeon (3/15)

Altars:

Annotations:
D:3 Grinder

..
#.#
#<#
#.#
#.#
#.#
#.#
#.#
#.#
#@#
#5.#
##..#
#!#
.# .#
#


You could see Grinder.

Notes
Turn   | Place    | Note
-------+----------+-------------------------------------------
     0 | D:1      | theanonym the Hill Orc Berserker began the quest for the
                  | Orb.
     0 | D:1      | Reached XP level 1. HP: 19/19 MP: 1/1
   349 | D:1      | Reached XP level 2. HP: 20/27 MP: 2/2
   860 | D:2      | Reached skill level 4 in Fighting
   860 | D:2      | Reached skill level 5 in Axes
   860 | D:2      | Reached XP level 3. HP: 29/33 MP: 3/3
  1214 | D:2      | Reached XP level 4. HP: 35/41 MP: 4/4
  1666 | D:3      | Reached skill level 6 in Axes
  1667 | D:3      | Reached ** piety under Trog
  1828 | D:3      | Noticed Grinder
  1837 | D:3      | Paralysed by Grinder for 7 turns
  1840 | D:3      | HP: 30/61 [Grinder (8)]
  1842 | D:3      | HP: 7/61 [Grinder/nerve-wracking pain (13)]
  1843 | D:3      | Slain by Grinder

Vanquished Creatures
  A hound zombie (D:2)
  4 adders
  A worm (D:2)
  A dart slug (D:1)
  An orc (D:3)
  5 bats
  A giant cockroach (D:3)
  2 goblins (D:1)
  3 hobgoblins
  7 jackals
  2 kobolds
  3 frilled lizards
  4 rats
35 creatures vanquished.

Table legend:
 A = Turns spent in this place as a percentage of turns spent in the entire game.
 B = Non-inter-level travel turns spent in this place as a percentage of non-inter-level travel turns spent in the entire game.
 C = Inter-level travel turns spent in this place as a percentage of turns spent in this place.
 D = Turns resting spent in this place as a percentage of non-inter-level travel turns spent in this place.
 E = Turns spent auto-exploring this place as a percentage of non-inter-level travel turns spent in this place.
 F = Non-inter-level travel turns spent in this place divided by the number of levels of this place that you've seen.
                   A       B       C       D       E      F
               +-------+-------+-------+-------+-------+----------------------
         Total | 100.0 | 100.0 |   5.3 |   0.0 |  86.6 | 581.7
       Dungeon | 100.0 | 100.0 |   5.3 |   0.0 |  86.6 | 581.7
               +-------+-------+-------+-------+-------+----------------------
